 Dungeon Crawl Stone Soup version 0.29.1-1-gd02db69 (webtiles) character file.

Game seed: 6259814891843177272

11381 Timinator the Martial Artist (level 11, -4/136 HPs)
             Began as a Demigod Transmuter on Dec 18, 2022.
             Slain by Snorg (10 damage)
             ... on level 10 of the Dungeon.
             The game lasted 00:53:48 (8988 turns).

Timinator the Martial Artist (Demigod Transmuter)   Turns: 8988, Time: 00:53:49

Health: -4/136     AC: 25    Str: 15    XL:     11   Next: 24%
Magic:  22/22      EV:  2    Int: 15    God:
Gold:   1364       SH:  0    Dex: 22    Spells: 13/19 levels left

rFire   . . .      SeeInvis .     - Unarmed
rCold   . . .      Faith    .   (no shield)
rNeg    . . .      Spirit   .   (body armour currently unavailable)
rPois   +          Reflect  .   (helmet currently unavailable)
rElec   .          Harm     .   (cloak currently unavailable)
rCorr   .          Rampage  .   (gloves currently unavailable)
Will    +....      NoTele   +   (boots currently unavailable)
Stlth   ++........              z - amulet of regeneration
HPRegen 1.12/turn               m - +4 ring of evasion
MPRegen 0.18/turn               l - +4 ring of evasion

@: tree-form, wereblooded
A: stationary, stasis, torment immunity, boosted hp, high MP 1, forlorn, divine
attributes
a: no special abilities


You were on level 10 of the Dungeon.
You were a tree.
You visited 2 branches of the dungeon, and saw 11 of its levels.

You collected 1364 gold pieces.

Inventory:

Missiles
 j - 3 javelins (quivered)
Armour
 f - a +1 helmet (melded)
 o - a +0 pair of gloves (melded)
 q - the +1 cloak "Bummisk" (melded) {+Inv rF+}
   (You found it on level 2 of the Dungeon)

   rF:        It protects you from fire.
   +Inv:      It lets you turn invisible.
 r - the +5 ring mail "Xayreuq" (melded) {Regen+}
   (You found it on level 3 of the Dungeon)

   Regen:     It increases your rate of health regeneration.
Jewellery
 l - a +4 ring of evasion (right branch)
 m - a +4 ring of evasion (left branch)
 z - an amulet of regeneration (around neck)
 F - a ring of ice
Wands
 s - a wand of iceblast (8)
 v - a wand of acid (38)
 x - a wand of digging (2)
 B - a wand of flame (22)
Scrolls
 a - 2 scrolls of amnesia
 e - 5 scrolls of fear
 g - 3 scrolls of enchant weapon
 k - 5 scrolls of vulnerability
 u - 2 scrolls of enchant armour
 w - 3 scrolls of immolation
 y - 2 scrolls of poison {unknown}
 A - a scroll of summoning {unknown}
 C - 2 scrolls of butterflies
 D - 2 scrolls of identify
Potions
 b - 3 potions of heal wounds
 c - a potion of mutation
 d - 2 potions of cancellation
 h - 4 potions of curing
 i - 2 potions of resistance
 n - a potion of invisibility
 p - 3 potions of attraction
 E - a potion of magic {unknown}


   Skills:
 * Level 6.7 Fighting
 - Level 0.6 Throwing
 + Level 6.4 Armour
 * Level 6.9 Dodging
 - Level 1.0 Stealth
 + Level 9.3 Unarmed Combat
 * Level 4.8 Spellcasting
 * Level 6.4 Transmutations
 - Level 2.5 Evocations


You had 13 spell levels left.
You knew the following spells:

 Your Spells              Type           Power      Damage    Failure   Level
a - Wereblood             Tmut           22%        N/A       1%          2
b - Ice Form              Ice/Tmut       13%        N/A       41%         4

Your spell library contained the following spells:

 Spells                   Type           Power      Damage    Failure   Level
 Beastly Appendage        Tmut           44%        N/A       1%          1
 Spider Form              Tmut/Pois      13%        N/A       14%         3
 Summon Small Mammal      Summ           12%        N/A       17%         1
 Ignite Poison            Fire/Tmut/Pois 10%        N/A       21%         3
 Call Canine Familiar     Summ           3%         N/A       45%         3
 Dazzling Flash           Conj/Hex       6%         N/A       45%         3
 Frozen Ramparts          Ice            6%         1d1       45%         3
 Mephitic Cloud           Conj/Pois/Air  3%         N/A       45%         3
 Ozocubu's Armour         Ice            3%         N/A       45%         3
 Summon Guardian Golem    Hex/Summ       3%         N/A       45%         3
 Summon Ice Beast         Ice/Summ       3%         N/A       86%         4
 Agony                    Necr           3%         N/A       99%         5
 Freezing Cloud           Conj/Ice/Air   1%         6-21      99%         5
 Metabolic Englaciation   Hex/Ice        1%         N/A       99%         5
 Silence                  Hex/Air        1%         N/A       99%         5
 Simulacrum               Ice/Necr       1%         N/A       100%        6


Dungeon Overview and Level Annotations

Branches:
Dungeon (10/15)            Temple (0/1) D:5            Lair (1/5) D:9
    Orc: D:9-12

Shops:
D:3 (

Annotations:
D:8 2 transporters, Lemonspray55555's ghost, novice DgCj
D:10 Snorg


Innate Abilities, Weirdness & Mutations

You are a tree.
Your roots penetrate the ground, keeping you stationary.
You cannot be teleported.
You are immune to unholy pain and torment.
Your maximum health is greatly increased.
Your equipment is partially melded.
You have an increased reservoir of magic. (+10% MP)
You shall have no god before yourself.
Your divine heritage dramatically boosts your attributes as you level up.


Message History

Snorg is heavily wounded.
Snorg completely misses you. Snorg closely misses you. Snorg claws you!
Snorg bites you. Snorg closely misses you. Snorg claws you.
You punch Snorg!
Snorg is severely wounded.
Snorg barely misses you. Snorg claws you! x2
You punch Snorg!
Snorg is severely wounded.
Snorg closely misses you. x2; Snorg misses you.
You barely miss Snorg. You punch Snorg!
Snorg is severely wounded.
Snorg barely misses you. x2; Snorg misses you.
You barely miss Snorg.
Snorg is severely wounded.
Snorg closely misses you. Snorg claws you! x2
* * * LOW HITPOINT WARNING * * *
Snorg closely misses you. Snorg completely misses you. Snorg misses you.
You hit Snorg. You punch Snorg.
Snorg is severely wounded.
Snorg bites you.
* * * LOW HITPOINT WARNING * * *
Snorg misses you. Snorg completely misses you.
Really quaff the potion of lignification?
You turn into a tree.
The +1 cloak "Bummisk" {+Inv rF+} melds into your body.
Your +1 helmet melds into your body.
Your +0 pair of gloves melds into your body.
The +5 ring mail "Xayreuq" {Regen+} melds into your body.
Your roots penetrate the ground.
Snorg bites you but does no damage. Snorg claws you but does no damage. x2
You hit Snorg.
Snorg is almost dead.
Snorg bites you!!
* * * LOW HITPOINT WARNING * * *
Snorg claws you.
* * * LOW HITPOINT WARNING * * *
Snorg claws you but does no damage. Snorg bites you.
* * * LOW HITPOINT WARNING * * *
Snorg claws you!
You die...

##+#####..... #####++##
............. .........
............ ........#
######........ ........+
.....#........
........#......#..######
........#......#..#
........T......#..#
#...♣########..#
#........).....#
#..............#
#..................
#...................
#...................
####################


You could see Snorg (berserk).

Vanquished Creatures
  Fannar (D:10)
  A hydra (D:7)
  A two-headed ogre (D:9)
  A manticore (D:8)
  A cyclops (D:7)
  Maurice (D:10)
  A troll (D:9)
  Prince Ribbit (D:6)
  3 hornets (D:7)
  Sigmund (D:6)
  A wraith (D:9)
  A shadow (D:9)
  A wyvern (D:8)
  16 yaks
  2 steam dragons
  6 water moccasins
  Duvessa (D:5)
  3 orc warriors
  3 black bears
  2 sky beasts
  An ogre (D:7)
  2 ice beasts (D:7)
  2 centaurs
  3 phantoms
  4 bullfrogs
  A kobold brigand (D:8)
  3 necrophages
  A gnoll sergeant (D:5)
  4 scorpions
  6 wights
  Dowan (D:5)
  6 killer bees (D:9)
  4 howler monkeys
  A jelly (D:6)
  2 orc priests
  2 hounds (D:6)
  3 gnoll boudas (D:7)
  3 iguanas
  5 orc wizards
  10 gnolls
  7 adders
  3 shadow imps
  3 white imps (D:7)
  An ufetubus (D:7)
  2 worms (D:2)
  5 dart slugs
  22 orcs
  5 bats
  4 endoplasms
  5 giant cockroaches
  4 goblins
  8 hobgoblins
  8 kobolds
  4 quokkas
  4 ball pythons
  5 frilled lizards
  6 rats
208 creatures vanquished.

Vanquished Creatures (others)
  2 howler monkeys (D:9)
  An orc wizard (D:9)
  55 fungi (D:9)
  53 plants
111 creatures vanquished.

Grand Total: 319 creatures vanquished

Notes
Turn   | Place    | Note
-------+----------+-------------------------------------------
     0 | D:1      | Timinator the Demigod Transmuter began the quest for the
                  | Orb.
     0 | D:1      | Reached XP level 1. HP: 15/15 MP: 5/5
    30 | D:1      | Reached skill level 1 in Fighting
   170 | D:1      | Reached XP level 2. HP: 16/23 MP: 5/7
   438 | D:1      | Reached skill level 3 in Unarmed Combat
   964 | D:2      | Reached XP level 3. HP: 23/28 MP: 6/8
  1906 | D:2      | Identified the +1 cloak "Bummisk" {+Inv rF+}
  2308 | D:2      | Reached XP level 4. HP: 19/35 MP: 8/10
  2352 | D:2      | Reached skill level 1 in Armour
  2599 | D:3      | Identified the +5 ring mail "Xayreuq" {Regen+}
  2726 | D:3      | Found Pixzia's Weapon Boutique.
  2896 | D:3      | Learned a level 2 spell: Wereblood
  3345 | D:4      | Reached XP level 5. HP: 41/41 MP: 8/11
  3712 | D:5      | Entered Level 5 of the Dungeon
  3802 | D:5      | Reached skill level 1 in Stealth
  3807 | D:5      | Noticed a water moccasin
  3826 | D:5      | Killed a water moccasin
  3827 | D:5      | Reached skill level 4 in Unarmed Combat
  3827 | D:5      | Reached XP level 6. HP: 50/50 MP: 12/12
  3953 | D:5      | Found a staircase to the Ecumenical Temple.
  4047 | D:5      | Reached XP level 7. HP: 56/56 MP: 12/14
  4346 | D:5      | Noticed Duvessa
  4346 | D:5      | Noticed Dowan
  4357 | D:5      | Killed Dowan
  4373 | D:5      | Killed Duvessa
  4702 | D:6      | Noticed a yak
  4703 | D:6      | Noticed a yak
  4703 | D:6      | Noticed a yak
  4707 | D:6      | Noticed a yak
  4710 | D:6      | Noticed a yak
  4720 | D:6      | Killed a yak
  4723 | D:6      | Killed a yak
  4731 | D:6      | Killed a yak
  4732 | D:6      | Reached skill level 5 in Unarmed Combat
  4732 | D:6      | Reached XP level 8. HP: 45/66 MP: 11/16
  4969 | D:6      | Noticed Sigmund
  4979 | D:6      | Identified a scroll of acquirement
  4979 | D:6      | Acquired 681 gold pieces
  4996 | D:6      | Killed Sigmund
  5035 | D:6      | Noticed Prince Ribbit
  5072 | D:6      | Killed Prince Ribbit
  5160 | D:6      | Reached skill level 6 in Unarmed Combat
  5311 | D:6      | Reached XP level 9. HP: 72/72 MP: 16/18
  5495 | D:7      | Reached skill level 5 in Transmutations
  5832 | D:7      | Noticed a cyclops
  5832 | D:7      | Noticed an eight-headed hydra
  5873 | D:7      | Reached skill level 5 in Fighting
  5873 | D:7      | Reached skill level 5 in Armour
  5880 | D:7      | Paralysed by a hornet for 2 turns
  5905 | D:7      | Reached skill level 5 in Dodging
  5915 | D:7      | Killed a cyclops
  5916 | D:7      | Reached skill level 7 in Unarmed Combat
  5921 | D:7      | Killed an eight-headed hydra
  5977 | D:7      | Reached XP level 10. HP: 81/81 MP: 16/19
  6897 | D:8      | Reached skill level 8 in Unarmed Combat
  6979 | D:8      | Identified the +1 ring mail of the Sparrow {-Tele Harm
                  | Rampage Str-3}
  7022 | D:8      | Found a transporter.
  7027 | D:8      | Found a transporter.
  7032 | D:8      | Noticed a moth of wrath
  7049 | D:8      | Noticed Lemonspray55555's ghost (novice DgCj)
  7174 | D:8      | Noticed a manticore
  7199 | D:8      | Killed a manticore
  7798 | D:9      | Reached skill level 1 in Evocations
  8063 | D:9      | Noticed a two-headed ogre
  8083 | D:9      | Killed a two-headed ogre
  8232 | D:9      | Found a staircase to the Lair.
  8307 | D:9      | Reached XP level 11. HP: 89/91 MP: 21/21
  8338 | D:9      | Reached skill level 9 in Unarmed Combat
  8528 | D:9      | Learned a level 4 spell: Ice Form
  8663 | D:10     | Entered Level 10 of the Dungeon
  8663 | D:10     | Noticed Maurice
  8701 | D:10     | Killed Maurice
  8770 | Lair:1   | Entered Level 1 of the Lair of Beasts
  8927 | D:10     | Noticed Fannar
  8950 | D:10     | Killed Fannar
  8966 | D:10     | Noticed Snorg
  8988 | D:10     | HP: 6/136 [Snorg (3)]
  8988 | D:10     | Slain by Snorg

Illustrated notes

Levels and vault maps discovered:
D:1:      dpeg_arrival_simpleton_a, layout_basic
D:2:      layout_loops_ring
D:3:      layout_basic, mainiacjoe_overflow_24_doors, serial_shops,
          nicolae_shop_bloodbath_and_beyond
D:4:      layout_cave_pools, minmay_vboxes
D:5:      layout_basic, ashenzari_altar_1, minmay_temple_entry_offerings,
          uniq_duvessa
D:6:      layout_rooms, overflow_temple_1_default, uniq_prince_ribbit1,
          uniq_sigmund
D:7:      nzn_winding_woodlands_medium [nzn_winding_woodlands_5x5_perimeter,
          nzn_winding_woodlands_5x15_pockets, nzn_winding_woodlands_5x5_default,
          nzn_winding_woodlands_5x5_closed_star,
          nzn_winding_woodlands_center_diamonds,
          nzn_winding_woodlands_5x5_checkerboard,
          nzn_winding_woodlands_5x5_three, nzn_winding_woodlands_5x15_garden,
          nzn_winding_woodlands_5x5_default], layout_loops_ring,
          marbit_many_paths
D:8:      layout_cave_pods, mainiacjoe_overflow_alcove_2,
          mainiacjoe_overflow_brackets, amcnicky_altar_gilded,
          gammafunk_ghost_wrathful_warriors, serial_rivers,
          chequers_serial_rivers_micro_b, chequers_serial_rivers_micro_b,
          chequers_serial_rivers_small_3, chequers_serial_rivers_marsh,
          chequers_serial_rivers_room_a
D:9:      minmay_general_purpose_star, layout_basic, grunt_temple_overflow_open,
          due_lair_maze_entry_diamond
D:10:     minmay_cornered_nines, layout_irregular_city, uniq_snorg,
          uniq_maurice, uniq_fannar
Lair:1:   layout_regular_city

Skill      XL: |  1  2  3  4  5  6  7  8  9 10 11 |
---------------+----------------------------------+-----
Fighting       | 1 2 3 4 5 6 |  6.7
Spellcasting   | 2 3 4 |  4.8
Unarmed Combat | 3 4 5 6 7 8 9 |  9.3
Dodging        | 2 3 4 5 6 |  6.9
Transmutations | 2 3 4 5 6 |  6.4
Armour         | 1 2 3 4 5 6 |  6.4
Stealth        | 1 |  1.0
Evocations     | 2 |  2.5
Throwing       | |  0.6

Action                   |  1- 3 |  4- 6 |  7- 9 | 10-12 || total
-------------------------+-------+-------+-------+-------++-------
Melee: Unarmed           |   118 |   168 |   363 |   536 ||  1185
       Kick              |    19 |    37 |    34 |       ||    90
       Headbutt          |    18 |    28 |    24 |       ||    70
       Punch             |     4 |     1 |    20 |    21 ||    46
Throw: Javelin           |       |     4 |     4 |     5 ||    13
 Cast: Beastly Appendage |    23 |    24 |     9 |       ||    56
       Wereblood         |       |     2 |    14 |    22 ||    38
  Use: Potion            |     1 |       |     6 |     2 ||     9
       Scroll            |       |     9 |     5 |     7 ||    21
 Stab: Sleeping          |     3 |       |     1 |     1 ||     5
Armor: Robe              |    25 |       |       |       ||    25
       Skin              |     8 |    29 |       |     4 ||    41
       Ring mail         |       |    49 |    82 |   138 ||   269
Dodge: Dodged            |    81 |   110 |   218 |   564 ||   973
